 Dungeon Crawl Stone Soup version 0.29.1-15-g9cfb28693d (webtiles) character file.

Game seed: 16581773304138396771

11814 safid the Frost Mage (level 11, -12/92 HPs)
             Began as a Merfolk Ice Elementalist on Mar 17, 2023.
             Was an Elder of Vehumet.
             Mangled by a polar bear (20 damage)
             ... on level 2 of the Lair of Beasts.
             The game lasted 00:32:34 (16627 turns).

safid the Frost Mage (Merfolk Ice Elementalist)    Turns: 16627, Time: 00:32:35

Health: -12/92     AC: 23    Str:  8    XL:     11   Next: 83%
Magic:  8/24       EV: 13    Int: 20    God:    Vehumet [****..]
Gold:   798        SH:  0    Dex: 14    Spells: 7/28 levels left

rFire   . . .      SeeInvis .   q - +2 dagger (vorpal)
rCold   . . .      Faith    .   (no shield)
rNeg    . . .      Spirit   .   a - +0 robe
rPois   .          Reflect  .   j - +0 helmet
rElec   .          Harm     .   l - +2 cloak {rCorr}
rCorr   +          Rampage  .   c - +0 pair of gloves
Will    .....                   y - +2 pair of boots
Stlth   ++........              p - amulet of magic regeneration
HPRegen 0.25/turn               G - +4 ring of protection
MPRegen 0.59/turn               (no ring)

@: ice-armoured (expiring), slightly contaminated
A: (nimble swimmer 2), mertail
a: Renounce Religion


You were on level 2 of the Lair of Beasts.
You worshipped Vehumet.
Vehumet was greatly pleased with you.
You visited 3 branches of the dungeon, and saw 13 of its levels.
You also visited: Ossuary.

You collected 798 gold pieces.

Inventory:

Hand Weapons
 q - a +2 vorpal dagger (weapon)
Armour
 a - a +0 robe (worn)
 c - a +0 pair of gloves (worn)
 j - a +0 helmet (worn)
 l - a +2 cloak of preservation (worn)
 y - a +2 pair of boots (worn)
Jewellery
 p - an amulet of magic regeneration (around neck)
 t - a ring of fire
 G - a +4 ring of protection (left hand)
Wands
 u - a wand of mindburst (8)
 w - a wand of roots (20)
 B - a wand of paralysis (12)
Scrolls
 g - 2 scrolls of identify
 h - a scroll of magic mapping
 i - 5 scrolls of amnesia
 k - 2 scrolls of brand weapon
 o - a scroll of blinking {unknown}
 r - 2 scrolls of fear {unknown}
 C - a scroll of teleportation {unknown}
 D - 2 scrolls of enchant weapon {unknown}
 F - a scroll of enchant armour
Potions
 b - a potion of magic
 d - 4 potions of curing {unknown}
 e - 3 potions of flight {unknown}
 f - a potion of resistance {unknown}
 m - 4 potions of might
 n - a potion of haste {unknown}
 s - 4 potions of brilliance {unknown}
 v - 2 potions of heal wounds
 x - 2 potions of ambrosia {unknown}
 z - a potion of degeneration {unknown}
 A - 3 potions of lignification {unknown}
 E - 2 potions of mutation {unknown}


   Skills:
 + Level 10.6 Fighting
 - Level 4.0 Dodging
 - Level 2.1 Stealth
 + Level 9.3 Spellcasting
 - Level 4.0 Conjurations
 + Level 6.7 Transmutations
 + Level 11.6 Ice Magic


You had 7 spell levels left.
You knew the following spells:

 Your Spells              Type           Power      Damage    Failure   Level
a - Freeze                Ice            100%       1d11      1%          1
b - Frozen Ramparts       Ice            100%       1d16      1%          3
c - Ozocubu's Armour      Ice            54%        N/A       1%          3
d - Hailstorm             Conj/Ice       40%        3d10      1%          4
e - Irradiate             Conj/Tmut      15%        3d16      6%          5
f - Freezing Cloud        Conj/Ice/Air   15%        6-21      7%          5

Your spell library contained the following spells:

 Spells                   Type           Power      Damage    Failure   Level
 Wereblood                Tmut           36%        N/A       1%          2
 Blink                    Tloc           18%        N/A       12%         2
 Sublimation of Blood     Necr           9%         N/A       12%         2
 Petrify                  Tmut/Erth      22%        N/A       19%         4
 Lesser Beckoning         Tloc           9%         N/A       22%         3
 Corpse Rot               Necr/Pois/Air  9%         N/A       58%         4
 Dispel Undead            Necr           9%         3d8       58%         4
 Manifold Assault         Tloc           9%         N/A       91%         5
 Death Channel            Necr           4%         N/A       100%        6
 Summon Hydra             Summ           4%         N/A       100%        7


Dungeon Overview and Level Annotations

Branches:
Dungeon (10/15)            Temple (1/1) D:4            Lair (2/5) D:10
    Orc (0/2) D:9         Ossuary (visited)
  Swamp: Lair:2-3    Shoals: Lair:2-3     Snake: Lair:2-3    Spider: Lair:2-3

Altars:
Elyvilon
Kikubaaqudgha
Makhleb
Ru
Sif Muna
Uskayaw
Vehumet
Zin

Shops:
D:10 *


Innate Abilities, Weirdness & Mutations

((You are very nimble when in or above water. (Stealth+, EV+, Speed+++)))
Your lower body shifts to a powerful aquatic tail in water.


Message History

Casting: Frozen Ramparts (safe; 1% risk of failure)
Confirm with . or Enter, or press ? or * to list all spells.
Aiming: Freeze (safe; 1% risk of failure)
Press: ? - help, Shift-Dir - straight line, f - polar bear
Aim: a polar bear (almost dead, berserk)
You freeze the polar bear.
The polar bear resists.
The polar bear is almost dead.
The polar bear completely resists.
The wall freezes the polar bear but does no damage.
The polar bear barely misses you. The polar bear misses you.
The polar bear claws you but does no damage.
You are too injured to fight recklessly!
You are too injured to fight recklessly!
You are too injured to fight recklessly!
You are too injured to fight recklessly!
You are too injured to fight recklessly!
You hit the polar bear but do no damage.
The polar bear is almost dead.
The wall freezes the polar bear but does no damage.
The polar bear misses you. x2; The polar bear completely misses you.
The polar bear resists.
The wall freezes the polar bear.
The polar bear barely misses you. The polar bear claws you.
The polar bear claws you but does no damage.
You hit the polar bear.
The polar bear is almost dead.
The polar bear resists.
The wall freezes the polar bear.
The polar bear bites you!
* * * LOW HITPOINT WARNING * * *
The polar bear claws you.
* * * LOW HITPOINT WARNING * * *
The polar bear closely misses you.
You hit the polar bear.
The polar bear is almost dead.
The frozen ramparts melt away.
The polar bear bites you!
* * * LOW HITPOINT WARNING * * *
The polar bear claws you.
* * * LOW HITPOINT WARNING * * *
The polar bear claws you but does no damage.
The polar bear bites you!!
You die...

..##.##..P.##.........
...#. ####..............#
...#.###.#..............#
.....#P##................
.........#...#.#####.....
........##..#### #.....#
........##..# ##....#
.......h##..## #P....#
..!.....@....# #......
........###.## ##....#
......†.##..P# #.....#
........##..## #.....P
.........#P.# ##....#
........###.. ##....#
......... #.# #.<...#
........# #.. ##....#
#....#


You could see a polar bear (berserk).

Vanquished Creatures
  A boulder beetle (Lair:2)
  Maurice (D:8)
  2 black mambas (Lair:1)
  3 komodo dragons
  2 cane toads (Lair:1)
  2 hornets
  14 yaks
  A basilisk (Lair:1)
  4 steam dragons
  A warg (D:9)
  An acid dragon (D:7)
  2 water moccasins
  3 black bears
  7 orc warriors
  2 ice beasts (D:7)
  3 sky beasts
  6 ogres
  2 centaurs
  A kobold brigand (D:9)
  11 bullfrogs
  2 necrophages
  3 scorpions
  11 killer bees
  8 howler monkeys
  An electric eel (Lair:1)
  3 hounds
  9 orc priests
  A gnoll bouda (D:6)
  3 jellies
  4 iguanas
  Natasha (thrice) (D:4)
  9 orc wizards
  12 mummies (Ossuary)
  17 gnolls
  12 adders
  A shadow imp (D:8)
  A white imp (D:6)
  3 ufetubi
  2 dart slugs
  34 orcs
  6 ball pythons
  6 endoplasms
  2 giant cockroaches
  7 hobgoblins
  3 jackals (D:5)
  18 kobolds
  4 quokkas
  A bat (D:2)
  3 frilled lizards
  A gnoll skeleton (Ossuary)
  A goblin (D:3)
  2 goblin skeletons (Ossuary)
  5 orc skeletons (Ossuary)
  2 quokka zombies (D:7)
  6 rats
  11 rat skeletons (Ossuary)
286 creatures vanquished.

Vanquished Creatures (others)
  A hobgoblin (D:4)
  A ball python (D:4)
  A butterfly (D:6)
  34 fungi
  34 plants
  4 toadstools (D:1)
75 creatures vanquished.

Grand Total: 361 creatures vanquished

Notes
Turn   | Place    | Note
-------+----------+-------------------------------------------
     0 | D:1      | safid the Merfolk Ice Elementalist began the quest for the
                  | Orb.
     0 | D:1      | Reached XP level 1. HP: 13/13 MP: 3/3
   318 | D:1      | Reached XP level 2. HP: 16/20 MP: 5/5
   464 | D:1      | Reached skill level 1 in Fighting
   636 | D:1      | Found a faded altar of an unknown god.
  1165 | D:1      | Reached XP level 3. HP: 22/26 MP: 3/6
  1250 | D:1      | Learned a level 3 spell: Frozen Ramparts
  2555 | D:2      | Reached skill level 5 in Ice Magic
  2555 | D:2      | Reached XP level 4. HP: 30/33 MP: 3/8
  2610 | D:2      | Learned a level 3 spell: Ozocubu's Armour
  3467 | D:4      | Noticed Natasha
  3476 | D:4      | Killed Natasha
  3477 | D:4      | Reached XP level 5. HP: 22/39 MP: 9/9
  3749 | D:4      | Noticed an ogre
  3759 | D:4      | Killed an ogre
  3760 | D:4      | Reached XP level 6. HP: 47/47 MP: 5/11
  3777 | D:4      | Found a glowing silver altar of Zin.
  3805 | D:4      | Reached skill level 6 in Ice Magic
  3925 | D:4      | Found a radiant altar of Vehumet.
  3980 | D:4      | Noticed Natasha
  3991 | D:4      | Killed Natasha
  4136 | D:4      | Became a worshipper of Vehumet
  4349 | D:4      | Reached XP level 7. HP: 52/54 MP: 11/13
  4474 | D:4      | Noticed Natasha
  4482 | D:4      | Killed Natasha
  4938 | D:4      | Found a shimmering blue altar of Sif Muna.
  5021 | D:4      | Found a staircase to the Ecumenical Temple.
  5028 | Temple   | Entered the Ecumenical Temple
  5068 | D:5      | Entered Level 5 of the Dungeon
  5083 | D:5      | Found a hide-covered altar of Uskayaw.
  5431 | D:5      | Reached skill level 5 in Fighting
  5431 | D:5      | Reached skill level 7 in Ice Magic
  5700 | D:5      | Reached skill level 5 in Spellcasting
  5700 | D:5      | Reached XP level 8. HP: 50/62 MP: 13/15
  6533 | D:5      | Reached * piety under Vehumet
  6533 | D:5      | Offered knowledge of Magic Dart by Vehumet.
  6539 | D:5      | Learned a level 4 spell: Hailstorm
  7150 | D:6      | Reached skill level 8 in Ice Magic
  7597 | D:6      | Reached XP level 9. HP: 45/71 MP: 18/18
  8175 | D:6      | Reached skill level 9 in Ice Magic
  8367 | D:6      | Found a white marble altar of Elyvilon.
  9017 | D:7      | Found a sand-covered staircase.
  9025 | Ossuary  | Entered an ossuary
  9343 | Ossuary  | Offered knowledge of Shock by Vehumet.
  9360 | Ossuary  | Reached ** piety under Vehumet
 10772 | D:8      | Reached XP level 10. HP: 67/82 MP: 21/21
 10783 | D:8      | Offered knowledge of Poisonous Vapours by Vehumet.
 10901 | D:8      | Noticed Maurice
 10910 | D:7      | HP: 1/82 [acid dragon (4)]
 10912 | D:7      | Reached skill level 10 in Ice Magic
 11487 | D:8      | Found a sacrificial altar of Ru.
 11494 | D:8      | Reached *** piety under Vehumet
 11708 | D:8      | Found a burning altar of Makhleb.
 11720 | D:8      | Learned a level 5 spell: Irradiate
 12079 | D:8      | Killed Maurice
 12080 | D:8      | Reached skill level 1 in Transmutations
 12587 | D:9      | Reached skill level 1 in Conjurations
 12719 | D:8      | Offered knowledge of Iskenderun's Mystic Blast by Vehumet.
 13493 | D:9      | Found a staircase to the Orcish Mines.
 13654 | D:9      | Reached XP level 11. HP: 75/90 MP: 10/23
 13865 | D:10     | Entered Level 10 of the Dungeon
 13881 | D:10     | Reached **** piety under Vehumet
 13891 | D:10     | Found a staircase to the Lair.
 13897 | D:10     | Offered knowledge of Freezing Cloud by Vehumet.
 13908 | D:10     | Reached skill level 11 in Ice Magic
 13917 | D:10     | Learned a level 5 spell: Freezing Cloud
 13998 | D:10     | Reached skill level 10 in Fighting
 14153 | D:10     | Found Haishr Conu's Overcharged Wands.
 14719 | D:10     | Found an ancient bone altar of Kikubaaqudgha.
 14736 | D:10     | Reached skill level 5 in Transmutations
 14935 | Lair:1   | Entered Level 1 of the Lair of Beasts
 16569 | Lair:2   | Noticed a boulder beetle
 16612 | Lair:2   | Killed a boulder beetle
 16627 | Lair:2   | Mangled by a polar bear

Illustrated notes

Levels and vault maps discovered:
D:1:      minmay_arrival_up_and_down, layout_loops_ring,
          shapermc_ecumenical_altar_totnotflames, minmay_gold_behind_fungi,
          dk_noncrumbling_4, hangedman_decor_peaks_small,
          minmay_misc_feat_pillars, chequers_arboretum,
          hangedman_decor_diamond_cutter
D:2:      layout_basic, minmay_misc_feat_x
D:3:      layout_loops_ring
D:4:      layout_loops_ring, fiery_altar_vehumet, tgw_sif,
          mainiacjoe_overflow_small_starburst, temple_green, serial_rivers,
          chequers_serial_rivers_room_b, chequers_serial_rivers_small_b,
          chequers_serial_rivers_small_3, chequers_serial_rivers_micro_e,
          chequers_serial_rivers_room_a, nrook_mini_vaults, uniq_natasha
D:5:      layout_layer_cave, nicolae_uskayaw_dance_hall
D:6:      layout_gridville, nicolae_elyvilon_peaceful_grove
D:7:      layout_loops_corners, enter_ossuary_4, dreamdust_princess_corridor,
          hangedman_decor_opposing, hangedman_decor_push
D:8:      layout_basic, old_standard_altar, lemuel_doored_altar, serial_rivers,
          chequers_serial_rivers_large_a, chequers_serial_rivers_small_a,
          chequers_serial_rivers_micro_c, chequers_serial_rivers_small_3,
          chequers_serial_rivers_micro_e, chequers_serial_rivers_small_3,
          uniq_maurice
D:9:      layout_cross, david_orc_3, serial_glass, glass_columns_c,
          glass_columns_a, item_on_display_b
D:10:     layout_roguey, nicolae_overflow_crystal_walls,
          due_lair_maze_entry_diamond, nicolae_shop_overcharged_wands
Temple:   jpeg_temple_clearing
Lair:1:   hellmonk_destroyed_diamonds, layout_cave_pods, fungi_pond_lemuel,
          nicolae_quartered_pool_little, minivault_19
Lair:2:   layout_chaotic_city, chequers_serial_rivers_small_3,
          nzn_sisyphean_effort, uniq_sonja

Skill      XL: |  1  2  3  4  5  6  7  8  9 10 11 |
---------------+----------------------------------+-----
Fighting       | 1 2 3 4 5 6 8 9 10 | 10.6
Ice Magic      | 5 6 7 8 9 10 11 | 11.6
Spellcasting   | 3 4 5 6 7 8 9 |  9.3
Dodging        | 4 |  4.0
Transmutations | 4 6 |  6.7
Conjurations   | 2 4 |  4.0
Stealth        | |  2.1

Action                   |  1- 3 |  4- 6 |  7- 9 | 10-12 || total
-------------------------+-------+-------+-------+-------++-------
Melee: Whip              |    36 |     6 |       |       ||    42
       Dagger            |       |    88 |   324 |   160 ||   572
       Punch             |       |     1 |     8 |     4 ||    13
       Tailslap          |       |       |     2 |     2 ||     4
 Cast: Freeze            |    45 |    11 |     9 |    50 ||   115
       Frozen Ramparts   |       |     9 |    48 |    45 ||   102
       Ozocubu's Armour  |       |     2 |    23 |    29 ||    54
       Hailstorm         |       |       |       |    12 ||    12
       Irradiate         |       |       |       |     8 ||     8
  Use: Scroll            |       |       |     6 |     5 ||    11
       Potion            |       |       |       |     2 ||     2
 Stab: Sleeping          |     4 |     2 |     5 |       ||    11
       Distracted        |       |       |     1 |       ||     1
Armor: Robe              |    19 |    22 |    99 |   141 ||   281
Dodge: Dodged            |    39 |    60 |   196 |   192 ||   487
